 Adventure DCSS version bcrawl-1.31.2 (webtiles) character file.

Game seed: 8114026083284986683

235700 septik the Cleaver (level 9, -2/85 HPs)
             Began as a Minotaur Berserker on Jan 20, 2021.
             Was a High Priest of Trog.
             Slain by an orc warrior
             ... wielding a +0 halberd
              (10 damage)
             ... in a bailey on Mar 31, 2021.
             The game lasted 00:42:33 (8215 turns).

septik the Cleaver (Minotaur Berserker)             Turns: 8215, Time: 00:42:33

Health: -2/85      AC: 19    Str: 24    XL:     9   Next: 50%
Magic:  8/8        EV: 10    Int:  4    God:    Trog [*****.]
Gold:   591        SH:  0    Dex: 11    Spells: 8/8 levels left
                                        Lives:  0   Deaths: 2

rFire    . . .     SeeInvis .   a - +2 hand axe (venom)
rCold    . . .     Gourm    +   (no shield)
rNeg     . . .     Faith    .   p - +1 plate armour
rPois    .         Spirit   .   (helmet restricted)
rElec    .         Reflect  .   s - +1 cloak
rCorr    .         Harm     .   M - +0 pair of gloves
MR       .....                  (no boots)
Stlth    ..........             v - amulet of the gourmand
HPRegen  0.24/turn              (no ring)
MPRegen  0.11/turn              (no ring)

@: no status effects
A: retaliatory headbutt, horns 2
a: Berserk, Trog's Hand, Brothers in Arms, Renounce Religion


You were in a bailey.
You worshipped Trog.
Trog was extremely pleased with you.
You were not hungry.

You visited 2 branches of the dungeon, and saw 10 of its levels.
You also visited: Bailey.

You collected 591 gold pieces.

Inventory:

Hand Weapons
 a - a +2 hand axe of venom (weapon)
 y - a +2 vampiric whip
 S - a +2 hand crossbow of flaming
 T - a +1 broad axe
Missiles
 b - 366 poisoned tomahawks
 n - 2165 stones (quivered)
Armour
 p - a +1 plate armour (worn)
 s - a +1 cloak (worn)
 K - a +2 medium shield
 M - a +0 pair of gloves (worn)
 W - +0 acid dragon scales
Jewellery
 v - an amulet of the gourmand (around neck)
 x - an uncursed ring of flight {unknown}
 z - an uncursed amulet of faith {unknown}
 A - a cursed -5 ring of intelligence {unknown}
 F - a +3 ring of strength {unknown}
 I - an uncursed amulet of rage {unknown}
 J - the ring of the Peasants {+Fly rPois rF+ Slay-4}
   (You found it on level 4 of the Dungeon)

   [ring of flight]

   It affects your accuracy and damage with ranged weapons and melee attacks
   (-4).
   It protects you from fire.
   It protects you from poison.
   It lets you fly.
 P - a +3 ring of evasion {unknown}
 Q - a +2 ring of evasion {unknown}
 R - an uncursed amulet of magic regeneration {unknown}
 X - a cursed -3 ring of strength {unknown}
 Z - an uncursed ring of ice {unknown}
Wands
 D - a wand of enslavement (7)
 V - a wand of paralysis (10)
 Y - a wand of flame (13)
Scrolls
 c - a scroll of amnesia
 h - a scroll of enchant weapon {unknown}
 k - 3 scrolls of blinking
 m - 4 scrolls of fear
 o - 2 scrolls of enchant armour
 w - 2 scrolls of fog
 B - a scroll of immolation
 E - 4 scrolls of remove curse
 G - a scroll of teleportation
 N - 4 scrolls of identify
Potions
 d - a potion of brilliance {unknown}
 g - 2 potions of lignification {unknown}
 i - 4 potions of flight {unknown}
 l - a potion of heal wounds {unknown}
 q - a potion of resistance {unknown}
 r - 2 potions of haste {unknown}
 t - 5 potions of curing
 C - 2 potions of berserk rage {unknown}
 H - a potion of cancellation {unknown}
 L - 3 potions of mutation {unknown}
 O - a potion of degeneration {unknown}
 U - a potion of magic {unknown}
Comestibles
 e - 11 rations {!d}


   Skills:
 + Level 10.1 Fighting
 * Level 13.3 Axes
 + Level 9.8 Armour
 + Level 9.0 Dodging


You had 8 spell levels left.
You didn't know any spells.
Your spell library contained the following spells:

 Spells                   Type           Power        Failure   Level  Hunger
 Apportation              Tloc           #.....       100%        1    None
 Corona                   Hex            #......      100%        1    None
 Infusion                 Chrm           #.......     100%        1    None
 Magic Dart               Conj           #...         100%        1    None
 Sandblast                Erth           #.....       100%        1    None
 Slow                     Hex            #.......     100%        1    None
 Summon Butterflies       Summ           #.......     100%        1    None
 Blink                    Tloc           N/A          100%        2    ####...
 Call Imp                 Summ           #.....       100%        2    ####...
 Ensorcelled Hibernation  Hex/Ice        #.....       100%        2    ####...
 Confuse                  Hex            #.......     100%        3    #####..
 Conjure Flame            Conj/Fire      #.......     100%        3    #####..
 Dazzling Orbs            Conj/Hex       #......      100%        3    #####..
 Mephitic Cloud           Conj/Pois/Air  #.......     100%        3    #####..
 Spider Form              Tmut/Pois      #..          100%        3    #####..
 Tukima's Dance           Hex            #.......     100%        3    #####..
 Cause Fear               Hex            #.........   100%        4    ######.


Dungeon Overview and Level Annotations

Branches:
Dungeon (9/12)             Temple (1/1) D:5            Lair (0/6) D:7
    Orc: D:8-11

Altars:
Ashenzari
Cheibriados
Dithmenos
Elyvilon
Fedhas
Gozag
Hepliaklqana
Kikubaaqudgha
Lugonu
Makhleb
Nemelex Xobeh
Okawaru
Qazlal
Ru
Sif Muna
Trog
Uskayaw
Vehumet
Wu Jian
Xom
Yredelemnul
Zin
The Shining One

Shops:
D:8 :

Annotations:
D:2 exclusion: downstairs
D:8 3 runed translucent doors, Krom's ghost, novice OnFE


Innate Abilities, Weirdness & Mutations

You reflexively headbutt those who attack you in melee.
You have a pair of horns on your head.


Message History

Your Dodging skill increases to level 9!
The orc no longer looks unusually strong.
The orc warrior hits you but does no damage.
The orc warrior closely misses you. You furiously retaliate!
You headbutt the orc warrior, but do no damage.
The orc hits you from afar with a +0 trident.
* * * LOW HITPOINT WARNING * * *
Things that are here:
a +0 bardiche; a +0 plate armour You hit the orc warrior.
The orc warrior is poisoned.
You headbutt the orc warrior, but do no damage.
The orc warrior is lightly wounded.
The orc warrior hits you from afar with a +0 halberd!
* * * LOW HITPOINT WARNING * * *
You hit the orc warrior but do no damage.
The orc warrior looks more poisoned.
The orc warrior is lightly wounded.
The orc hits you but does no damage.
The orc warrior hits you with a +0 halberd!
You die...

## ###
##.###########∩## ####
#...##.....##...##....
#?.)#..≈≈≈..#...#..≈≈≈
#.).#.≈≈.≈≈.......≈≈o≈
#..†'.≈ooo≈)......≈oo.
#...#o≈≈o≈≈.[)....≈≈o≈
#[..#.@≈≈≈..#†..#..≈≈≈
#...##.....##.∩.# ....
##.###########∩## ##
## ###


You could see 3 orc warriors and 2 orcs.

Vanquished Creatures
  A death knight (D:7)
  2 two-headed ogres
  An unseen horror (D:8)
  2 orc knights (Bailey)
  A deep elf mage (D:8)
  A komodo dragon (D:7)
  Maurice (D:8)
  Prince Ribbit (D:7)
  Grinder (D:6)
  A hippogriff (D:8)
  A shadow (D:8)
  4 wraiths (D:8)
  2 yaks
  Eustachio (D:5)
  An acid dragon (D:8)
  2 crocodiles
  A water moccasin (D:5)
  4 orc warriors
  An ice beast (D:7)
  5 ogres
  3 centaurs
  Blork the orc (D:4)
  A bullfrog (D:7)
  A scorpion (D:4)
  7 wights
  A howler monkey (D:6)
  A centaur zombie (D:6)
  5 crimson imps
  A quasit (D:7)
  2 jellies
  3 bullfrog skeletons
  A bullfrog zombie (D:5)
  7 orc priests
  2 hounds
  A centaur skeleton (D:5)
  12 orc wizards
  2 iguanas
  5 worker ants
  A hound skeleton (D:9)
  3 gnolls
  9 adders
  2 shadow imps
  2 oozes
  An adder skeleton (D:4)
  6 worms
  4 dart slugs
  7 leopard geckos
  36 orcs
  16 bats
  A giant cockroach (D:1)
  12 goblins
  7 hobgoblins
  4 jackals
  4 quokkas
  2 frilled lizards
  10 kobolds
  4 rats
  A spectral orc (D:4)
222 creatures vanquished.

Vanquished Creatures (others)
  A bat (D:8)
  4 plants (D:7)
5 creatures vanquished.

Grand Total: 227 creatures vanquished

Notes
Turn   | Place    | Note
-------+----------+-------------------------------------------
     0 | D:1      | septik the Minotaur Berserker began the quest for the Orb.
     0 | D:1      | Reached XP level 1. HP: 19/19 MP: 0/0
   129 | D:1      | Reached XP level 2. HP: 27/27 MP: 1/1
   130 | D:1      | Reached skill level 4 in Axes
   621 | D:1      | Reached XP level 3. HP: 30/33 MP: 2/2
   922 | D:2      | Reached ** piety under Trog
   923 | D:2      | Reached XP level 4. HP: 40/40 MP: 3/3
  1179 | D:2      | Found a shattered altar of Ashenzari.
  1496 | D:3      | Noticed Grinder
  1562 | D:3      | Reached skill level 5 in Axes
  1707 | D:3      | Reached XP level 5. HP: 42/47 MP: 4/4
  1993 | D:3      | Reached *** piety under Trog
  2057 | D:3      | Found a stormy altar of Qazlal.
  2533 | D:4      | Reached XP level 6. HP: 44/55 MP: 5/5
  2544 | D:4      | Noticed Blork the orc
  2712 | D:4      | Reached skill level 6 in Axes
  2716 | D:4      | Reached skill level 5 in Fighting
  2889 | D:4      | Got a translucent bronze ring
  2912 | D:4      | Reached XP level 7. HP: 61/61 MP: 6/6
  3112 | D:4      | Killed Blork the orc
  3113 | D:4      | Reached skill level 7 in Axes
  3134 | D:4      | Identified the ring of the Peasants {+Fly rPois rF+ Slay-4}
                  | (You found it on level 4 of the Dungeon)
  3534 | D:4      | Found a corrupted altar of Lugonu.
  3572 | D:4      | Found a basalt altar of Yredelemnul.
  3578 | D:4      | Reached skill level 5 in Armour
  3847 | D:5      | Entered Level 5 of the Dungeon
  4006 | D:5      | Reached skill level 5 in Dodging
  4006 | D:5      | Reached XP level 8. HP: 63/70 MP: 7/7
  4013 | D:5      | Reached **** piety under Trog
  4040 | D:5      | Found a blossoming altar of Fedhas.
  4049 | D:5      | Reached skill level 8 in Axes
  4427 | D:5      | Found a staircase to the Ecumenical Temple.
  4467 | Temple   | Entered the Ecumenical Temple
  4544 | D:5      | Reached skill level 9 in Axes
  5012 | D:6      | Noticed Eustachio
  5029 | D:5      | Killed Eustachio
  5030 | D:5      | Reached XP level 9. HP: 79/79 MP: 8/8
  5098 | D:6      | Killed Grinder
  5150 | D:6      | Reached skill level 10 in Axes
  5440 | D:7      | Noticed Prince Ribbit
  5450 | D:7      | Killed Prince Ribbit
  5689 | D:7      | Reached ***** piety under Trog
  5703 | D:7      | Received a gift from Trog
  5722 | D:7      | Noticed a komodo dragon
  5723 | D:7      | Found a staircase to the Lair.
  5743 | D:7      | Killed a komodo dragon
  5744 | D:7      | Reached skill level 11 in Axes
  5778 | D:7      | Noticed a two-headed ogre
  5791 | D:7      | Killed a two-headed ogre
  5792 | D:7      | Reached XP level 10. HP: 90/90 MP: 9/9
  5923 | D:7      | Found a glowing silver altar of Zin.
  5923 | D:7      | Noticed a death knight
  5939 | D:7      | Killed a death knight
  6093 | D:7      | Found a faded altar of an unknown god.
  6093 | D:7      | Found a radiant altar of Vehumet.
  6098 | D:7      | Found a faded altar of an unknown god.
  6103 | D:7      | Found a sacrificial altar of Ru.
  6105 | D:7      | Found a shadowy altar of Dithmenos.
  6553 | D:8      | Reached skill level 12 in Axes
  6615 | D:8      | Found Vuacvaah's Book Shop.
  6708 | D:8      | Noticed Maurice
  6747 | D:8      | Killed Maurice
  6845 | D:8      | Found a runed translucent gate.
  6845 | D:8      | Found a runed translucent gate.
  6845 | D:8      | Found a runed translucent gate.
  6868 | D:8      | Noticed Krom's ghost (novice OnFE)
  6893 | D:8      | Killed an unseen horror
  6941 | D:8      | Noticed a two-headed ogre
  6946 | D:8      | Killed a two-headed ogre
  7139 | D:8      | Found a runed door.
  7194 | D:8      | Found an opulent altar of Gozag.
  7208 | D:8      | Found a shattered altar of Ashenzari.
  7217 | D:8      | Found a stormy altar of Qazlal.
  7374 | D:8      | Found a snail-covered altar of Cheibriados.
  7392 | D:8      | Found a hazy altar of Hepliaklqana.
  7489 | D:8      | Reached XP level 11. HP: 80/99 MP: 10/10
  7498 | D:8      | Found an opulent altar of Gozag.
  7498 | D:8      | Noticed a deep elf mage
  7509 | D:8      | HP: 1/99 [demonic crawler[a deep elf mage] (5)]
  7510 | D:8      | Killed a deep elf mage
  7511 | D:8      | Reached skill level 13 in Axes
  8150 | D:9      | Found a flagged portal.
  8162 | Bailey   | Entered a bailey
  8162 | Bailey   | Noticed an orc knight
  8163 | Bailey   | Noticed an orc knight
  8179 | Bailey   | Slain by an orc warrior
  8180 | Bailey   | Upgraded the game from bcrawl-1.28.5 to bcrawl-1.31.2
  8180 | Bailey   | Reached XP level 10. HP: 0/93 MP: 9/9
  8181 | Bailey   | Noticed an orc knight
  8181 | Bailey   | Noticed an orc knight
  8182 | Bailey   | Reached skill level 10 in Fighting
  8194 | Bailey   | Killed an orc knight
  8198 | Bailey   | Annihilated by an orc knight
  8199 | Bailey   | Reached XP level 9. HP: -22/127 MP: 8/8
  8212 | Bailey   | Killed an orc knight
  8215 | Bailey   | Slain by an orc warrior

Skill      XL: |  1  2  3  4  5  6  7  8  9 10 11 |
---------------+----------------------------------+-----
Axes           | 4 5 6 7 9 11 12 13 | 13.3
Fighting       | 4 5 6 7 8 10 | 10.1
Armour         | 3 4 5 6 8 9 |  9.8
Dodging        | 3 4 5 6 9 8 |  9.0

Action                   |  1- 3 |  4- 6 |  7- 9 | 10-12 || total
-------------------------+-------+-------+-------+-------++-------
Melee: Hand axe          |    75 |    65 |    15 |   194 ||   349
       Headbutt          |     7 |    22 |    57 |    50 ||   136
       War axe           |       |    73 |   223 |       ||   296
Throw: Stone             |       |     1 |       |     1 ||     2
Invok: Berserk           |       |       |     9 |     5 ||    14
       Trog's Hand       |       |       |     1 |       ||     1
  Use: Scroll            |     1 |     4 |     1 |     7 ||    13
  Eat: Chunk             |     2 |    14 |    27 |    17 ||    60
Armor: Animal skin       |     5 |       |       |       ||     5
       Chain mail        |    46 |    83 |   102 |     9 ||   240
       Plate armour      |       |       |     3 |    12 ||    15
       Ring mail         |       |       |       |    30 ||    30
Dodge: Dodged            |    38 |    70 |   130 |   118 ||   356
